 Dungeon Crawl Stone Soup version 0.30.1-3-gfc49f6343a (webtiles) character file.

Game seed: 4171796825514478070

22736 Babbit the Severer (level 12, -4/104 (108) HPs)
             Began as a Minotaur Fighter on July 19, 2023.
             Was a High Priest of Okawaru.
             Slain by a tengu reaver
             ... wielding a +0 battleaxe
              (18 damage)
             ... on level 12 of the Dungeon on July 20, 2023.
             The game lasted 01:48:16 (11278 turns).

Babbit the Severer (Minotaur Fighter)              Turns: 11278, Time: 01:48:16

HP:   -4/104 (108)  AC: 22    Str: 26    XL:     12   Next: 65%
MP:   17/17         EV:  7    Int:  5    God:    Okawaru [*****.]
Gold: 828           SH:  7    Dex: 10    Spells: 11/11 levels left

rFire   . . .        h - +9 war axe (freeze)
rCold   + . .        c - +1 buckler
rNeg    . . .        t - +2 plate armour
rPois   .            (helmet restricted)
rElec   .            b - +0 cloak
rCorr   +            L - +0 pair of gloves
SInv    .            N - +1 pair of boots {Stlth+}
Will    .....        m - amulet of regeneration Stlth
                     g - ring of protection from cold
HPRegen 1.17/turn    D - ring of resist corrosion
MPRegen 0.15/turn

%: no passive effects
@: lightly drained
A: horns 2, retaliatory headbutt
a: Renounce Religion, Heroism, Finesse, Duel


You were on level 12 of the Dungeon.
You worshipped Okawaru.
Okawaru was extremely pleased with you.
You visited 2 branches of the dungeon, and saw 13 of its levels.

You collected 878 gold pieces.
You spent 50 gold pieces at shops.

Inventory:

Hand Weapons
 f - the +5 Force Lance {heavy, knockback}
   (You found it on level 12 of the Dungeon)
 h - a +9 war axe of freezing (weapon)
Missiles
 a - 16 boomerangs
 e - 22 poisoned darts
 y - 3 javelins
 A - 4 throwing nets
Armour
 b - a +0 cloak (worn)
 c - a +1 buckler (worn)
 t - a +2 plate armour (worn)
 L - a +0 pair of gloves (worn)
 N - a +1 pair of boots of stealth (worn)
 T - the +1 pair of gloves "Biuti" {Rampage rC+++ Str-4 Int-3}
   (Okawaru gifted it to you on level 11 of the Dungeon)

   Str:       It affects your strength (-4).
   Int:       It affects your intelligence (-3).
   rC:        It renders you almost immune to cold.
   Rampage:   It bestows one free step when moving towards enemies.
Jewellery
 g - a ring of protection from cold (left hand)
 l - a ring of fire
 m - an amulet of regeneration (around neck)
 q - a ring of flight
 D - a ring of resist corrosion (right hand)
 J - a ring of poison resistance
 P - a ring of wizardry
 R - a ring of ice
Wands
 B - a wand of iceblast (5)
 F - a wand of flame (18) (quivered)
 H - a wand of polymorph (6)
 O - a wand of acid (5)
Scrolls
 i - 2 scrolls of fog
 j - a scroll of amnesia {unknown}
 p - a scroll of poison
 s - a scroll of torment {unknown}
 u - a scroll of acquirement {unknown}
 v - a scroll of immolation {unknown}
 z - a scroll of brand weapon
 C - a scroll of enchant weapon
 M - 2 scrolls of silence {unknown}
 Q - a scroll of blinking {unknown}
 S - 2 scrolls of butterflies {unknown}
Potions
 d - 3 potions of might
 k - 7 potions of brilliance
 n - 6 potions of flight
 o - 4 potions of haste
 r - 2 potions of cancellation
 w - a potion of attraction {unknown}
 x - 3 potions of lignification
 E - a potion of magic {unknown}
 K - a potion of invisibility {unknown}


   Skills:
 + Level 10.7 Fighting
 * Level 15.2 Axes
 - Level 5.0 Throwing
 + Level 11.0 Armour
 - Level 0.8 Dodging
 + Level 10.4 Shields
 - Level 8.0 Invocations


You had 11 spell levels left.
You didn't know any spells.
Your spell library contained the following spells:

 Spells                   Type           Power      Damage    Failure   Level
 Freeze                   Ice            0%         1d3       99%         1
 Ensorcelled Hibernation  Hex/Ice        0%         N/A       100%        2
 Dazzling Flash           Conj/Hex       0%         N/A       100%        3
 Vhi's Electric Charge    Tloc/Air       0%         N/A       100%        3
 Passage of Golubria      Tloc           0%         N/A       100%        4
 Agony                    Necr           0%         N/A       100%        5
 Arcjolt                  Conj/Air       0%         1d10      100%        5
 Silence                  Hex/Air        0%         N/A       100%        5
 Lehudib's Crystal Spear  Conj/Erth      0%         10d2      100%        8
 Maxwell's Capacitive Co  Air            0%         ∞         100%        8
 Summon Small Mammal      Summ           Unusable   N/A       N/A         1

Dungeon Overview and Level Annotations

Branches:
Dungeon (12/15)            Temple (1/1) D:5             Orc (0/2) D:12
   Lair: D:8-11

Altars:
Ashenzari
Cheibriados
Dithmenos
Elyvilon
Fedhas
Gozag
Kikubaaqudgha
Makhleb
Nemelex Xobeh
Okawaru
Qazlal
Ru
Sif Muna
Trog
Uskayaw
Vehumet
Wu Jian
Xom
Yredelemnul
Zin
The Shining One

Shops:
D:8 [   D:12 *

Annotations:
D:10 exclusion: oklob plant
D:12 Lodul
Temple 2 transporters


Innate Abilities, Weirdness & Mutations

You have a pair of horns on your head.
You reflexively headbutt those who attack you in melee.


Message History

The tengu reaver claws you.
You barely miss the tengu reaver. Your headbutt misses the tengu reaver.
The tengu reaver hits you with a +0 battleaxe!
The tengu reaver pecks you but does no damage.
You block the tengu reaver's attack.
You closely miss the tengu reaver.
The tengu reaver hits you with a +0 battleaxe!
The tengu reaver pecks you. The tengu reaver claws you.
You miss the tengu reaver. Your headbutt misses the tengu reaver.
You slice the tengu reaver!! You freeze the tengu reaver!
The tengu reaver is heavily wounded.
You block the tengu reaver's attack.
The tengu reaver pecks you but does no damage.
The tengu reaver claws you but does no damage.
You hit the tengu reaver. You freeze the tengu reaver.
Your headbutt misses the tengu reaver.
The tengu reaver is heavily wounded.
The tengu reaver hits you with a +0 battleaxe.
The tengu reaver pecks you but does no damage.
You block the tengu reaver's attack.
You closely miss the tengu reaver.
The tengu reaver is heavily wounded.
The tengu reaver completely misses you. You block the tengu reaver's attack. x2
You completely miss the tengu reaver.
The tengu reaver is heavily wounded.
You hit the tengu reaver but do no damage.
The tengu reaver is heavily wounded.
The tengu reaver casts a spell at you. The bolt of acid hits you!! You resist.
* * * LOW HITPOINT WARNING * * *
You slash the tengu reaver! You freeze the tengu reaver.
You headbutt the tengu reaver!
The tengu reaver is severely wounded.
You block the tengu reaver's attack.
The tengu reaver pecks you but does no damage.
The tengu reaver claws you but does no damage.
You hit the tengu reaver. You freeze the tengu reaver.
The tengu reaver is severely wounded.
The tengu reaver hits you with a +0 battleaxe!!
You die...

#.......##..#..>.#
##......#...#..###
.#.....##....^.#
......##......##########
......##................#
##.##.#.................#
#.#......##########.#
#......#.#..#..# #.#
###..#...#..@Q.+ #.#
#..###.##'#### #.#
.....##.#..# #.#
.....###.#..# #.# ......#
#.##'# #.# #.....# #.#..#
#.# ......### #..# #.#
#...#'########.#
#............#


You could see a tengu reaver.

Vanquished Creatures
  The ghost of cheesebisquit the Fighter, a journeyman DjFE of Makhleb (D:12)
  Fannar (D:10)
  3 two-headed ogres
  2 centaur warriors
  A boulder beetle (D:11)
  Sonja (D:10)
  5 skeletal warriors
  Pikel (D:5)
  3 deep elf pyromancers
  2 ugly things
  A manticore (D:11)
  A salamander (shapeshifter) (D:9)
  3 cyclopes
  A kobold demonologist (D:12)
  An efreet (D:9)
  2 unseen horrors
  2 komodo dragons
  3 trolls
  Grinder (D:3)
  A meliai (shapeshifter) (D:9)
  5 slime creatures (D:12)
  7 yaks
  Sigmund (D:6)
  An unseen horror simulacrum (D:9)
  3 vampire mosquitoes (D:10)
  Eustachio (D:4)
  A basilisk (D:11)
  3 wyverns (D:9)
  A ynoxinul (D:10)
  A warg (D:11)
  An acid dragon (D:10)
  A water moccasin (D:9)
  An ice beast (D:6)
  3 orc warriors
  A black bear (D:4)
  2 boggarts (D:12)
  6 ogres
  8 centaurs
  3 lemures (D:5)
  Blork the orc (D:4)
  2 kobold brigands
  5 bullfrogs
  2 scorpions
  3 wights (D:8)
  2 howler monkeys
  A hound (D:5)
  A jelly (D:7)
  9 orc priests
  A sleepcap (D:6)
  2 iguanas
  Natasha (thrice) (D:3)
  19 orc wizards
  Robin (D:2)
  21 gnolls
  11 adders
  A shadow imp (D:7)
  A white imp (D:7)
  A dart slug (D:2)
  44 orcs
  11 endoplasms
  A giant cockroach (D:2)
  15 goblins
  12 hobgoblins
  6 jackals
  7 quokkas
  9 ball pythons
  3 bats
  6 frilled lizards
  7 kobolds
  2 rats
296 creatures vanquished.

Vanquished Creatures (others)
  2 boggarts (D:12)
2 creatures vanquished.

Grand Total: 298 creatures vanquished

Notes
Turn   | Place    | Note
-------+----------+-------------------------------------------
     0 | D:1      | Babbit the Minotaur Fighter began the quest for the Orb.
     0 | D:1      | Reached XP level 1. HP: 19/19 MP: 0/0
   132 | D:1      | Reached XP level 2. HP: 27/27 MP: 1/1
   960 | D:1      | Reached skill level 3 in Axes
  1014 | D:2      | Noticed Robin
  1029 | D:2      | Reached XP level 3. HP: 29/33 MP: 2/2
  1039 | D:2      | Killed Robin
  1263 | D:2      | Reached XP level 4. HP: 31/40 MP: 3/3
  1266 | D:2      | Reached skill level 4 in Axes
  1879 | D:3      | Noticed Natasha
  1894 | D:3      | Killed Natasha
  1895 | D:3      | Reached XP level 5. HP: 46/46 MP: 4/4
  1973 | D:3      | Reached skill level 5 in Axes
  2074 | D:3      | Noticed Natasha
  2076 | D:3      | Noticed Grinder
  2077 | D:3      | Paralysed by Grinder for 4 turns
  2083 | D:3      | Killed Natasha
  2087 | D:3      | Killed Grinder
  2088 | D:3      | Reached skill level 6 in Axes
  2088 | D:3      | Reached skill level 5 in Armour
  2088 | D:3      | Reached XP level 6. HP: 28/53 MP: 5/5
  2420 | D:3      | Noticed Natasha
  2425 | D:3      | Killed Natasha
  2483 | D:4      | Reached skill level 1 in Throwing
  2484 | D:4      | Reached XP level 7. HP: 54/60 MP: 6/6
  2525 | D:4      | Reached skill level 7 in Axes
  2641 | D:4      | Reached skill level 5 in Fighting
  2949 | D:4      | Reached skill level 5 in Shields
  3015 | D:4      | Noticed Blork the orc
  3022 | D:4      | Killed Blork the orc
  3023 | D:4      | Reached skill level 8 in Axes
  3134 | D:5      | Entered Level 5 of the Dungeon
  3135 | D:5      | Noticed Eustachio
  3159 | D:4      | Killed Eustachio
  3160 | D:4      | Reached XP level 8. HP: 66/69 MP: 7/7
  3182 | D:5      | Noticed Pikel
  3190 | D:5      | Killed Pikel
  3191 | D:5      | Reached skill level 9 in Axes
  3451 | D:5      | Found a staircase to the Ecumenical Temple.
  3469 | Temple   | Entered the Ecumenical Temple
  3469 | Temple   | Found a transporter.
  3469 | Temple   | Found a transporter.
  3471 | Temple   | Found a transporter.
  3471 | Temple   | Found a transporter.
  3497 | Temple   | Became a worshipper of Warmaster Okawaru
  3556 | D:5      | Identified the ring of Dishonesty {MP+9 Int+2}
  3766 | D:5      | Reached skill level 10 in Axes
  4002 | D:5      | Reached skill level 1 in Invocations
  4494 | D:6      | Noticed Sigmund
  4498 | D:6      | Killed Sigmund
  4499 | D:6      | Reached XP level 9. HP: 78/78 MP: 7/9
  5312 | D:7      | Reached * piety under Okawaru
  7119 | D:8      | Found Tygop's Antique Armour Boutique.
  7494 | D:9      | Noticed an efreet
  7497 | D:9      | Killed an efreet
  7497 | D:9      | Noticed a wind drake
  7498 | D:9      | Reached skill level 11 in Axes
  7499 | D:9      | a wind drake changed into an entropy weaver
  7499 | D:9      | Noticed an entropy weaver (shapeshifter)
  7502 | D:9      | an entropy weaver changed into a salamander
  7502 | D:9      | Noticed a salamander (shapeshifter)
  7506 | D:9      | Killed a salamander
  7506 | D:9      | Reached ** piety under Okawaru
  7577 | D:9      | Noticed a red ugly thing
  7580 | D:9      | Reached XP level 10. HP: 64/86 MP: 12/12
  7582 | D:9      | Killed a red ugly thing
  7645 | D:9      | Noticed a deep elf pyromancer
  7655 | D:9      | Killed a deep elf pyromancer
  7656 | D:9      | Reached skill level 5 in Throwing
  7711 | D:9      | Found a burning altar of Makhleb.
  7932 | D:9      | Noticed a two-headed ogre
  7938 | D:9      | Killed a two-headed ogre
  7938 | D:9      | Reached *** piety under Okawaru
  7939 | D:9      | Reached skill level 5 in Invocations
  7949 | D:9      | Noticed a cyclops
  7953 | D:9      | Killed a cyclops
  7954 | D:9      | Reached skill level 12 in Axes
  8052 | D:9      | Noticed a centaur warrior
  8052 | D:9      | Noticed a deep elf pyromancer
  8056 | D:9      | Killed a centaur warrior
  8056 | D:9      | Reached **** piety under Okawaru
  8061 | D:9      | Killed a deep elf pyromancer
  8242 | D:9      | Reached XP level 11. HP: 92/95 MP: 13/13
  8295 | D:9      | Noticed a two-headed ogre
  8307 | D:9      | Killed a two-headed ogre
  8426 | D:10     | Entered Level 10 of the Dungeon
  8439 | D:10     | Noticed a two-headed ogre
  8449 | D:10     | Killed a two-headed ogre
  8486 | D:10     | Noticed Sonja
  8631 | D:10     | Found a bloodstained altar of Trog.
  8635 | D:10     | Reached skill level 13 in Axes
  8651 | D:10     | Found a shimmering blue altar of Sif Muna.
  8655 | D:10     | Got Sif Muna's Spellbook of Shivering Mustering
  8714 | D:10     | Identified the +12 dagger of Shrieking Terror {holy, Will-
                  | Dex+5}
  8747 | D:10     | Killed Sonja
  8896 | D:10     | Noticed Fannar
  8940 | D:10     | Received a gift from Okawaru
  8952 | D:10     | Killed Fannar
  8952 | D:10     | Reached ***** piety under Okawaru
  9020 | D:10     | Noticed an oklob plant
  9129 | D:10     | Noticed a tengu warrior
  9129 | D:10     | Noticed a centaur warrior
  9341 | D:11     | Identified the ring "Larhuac" {Fire rElec Will- Int+4}
 10035 | D:11     | Noticed a boulder beetle
 10049 | D:11     | Killed a boulder beetle
 10269 | D:12     | Noticed a deep elf pyromancer
 10273 | D:12     | Noticed a skeletal warrior
 10278 | D:11     | Received a gift from Okawaru
 10280 | D:11     | Killed a deep elf pyromancer
 10281 | D:11     | Reached skill level 10 in Armour
 10324 | D:12     | Noticed a skeletal warrior
 10340 | D:11     | Identified the +1 pair of gloves "Biuti" {Rampage rC+++
                  | Str-4 Int-3} (Okawaru gifted it to you on level 11 of the
                  | Dungeon)
 10340 | D:11     | Received a gift from Okawaru
 10342 | D:11     | Killed a skeletal warrior
 10343 | D:11     | Reached skill level 14 in Axes
 10343 | D:11     | Reached XP level 12. HP: 105/106 MP: 13/16
 10376 | D:11     | Reached skill level 10 in Fighting
 10597 | D:12     | Found a staircase to the Orcish Mines.
 10598 | D:12     | Noticed a centaur warrior
 10612 | D:12     | Killed a centaur warrior
 10674 | D:12     | Reached skill level 10 in Shields
 10691 | D:12     | Found Ejietumez's Assorted Antiques.
 10700 | D:12     | Bought a scroll of identify for 50 gold pieces
 10785 | D:12     | Found the +5 Force Lance {heavy, knockback}
 10809 | D:12     | Noticed Lodul
 10922 | D:12     | Found a runed translucent door.
 10926 | D:12     | Noticed cheesebisquit's ghost (journeyman DjFE)
 10943 | D:12     | Killed cheesebisquit's ghost
 10944 | D:12     | Reached skill level 15 in Axes
 11245 | D:12     | Found a runed translucent door.
 11246 | D:12     | Noticed a tengu reaver
 11278 | D:12     | Slain by a tengu reaver

Illustrated notes

Levels and vault maps discovered:
D:1:      amcnicky_arrival_underground_garden, layout_basic,
          hangedman_decor_clover_reticule
D:2:      layout_loops_ring, nrook_uturn, minmay_tetromino_o4, uniq_robin
D:3:      layout_basic, uniq_grinder, uniq_natasha
D:4:      layout_basic, uniq_blork_the_orc
D:5:      layout_basic, minmay_temple_entry_large_hall, serial_co_window_serial,
          co_window_paths_a, co_window_paths_a, co_window_corner_a,
          co_window_corner_a, co_window_paths_b, co_window_of_opportunity_b,
          co_window_2corner, co_window_cross_2, co_window_unsneaky_path_d,
          co_window_unsneaky_path_a, co_window_paths_d, co_window_4corner_b,
          glass_columns_a, glass_columns_b, glass_columns_a, glass_columns_b,
          glass_columns_b, guppyfry_early_lair_pool, uniq_eustachio, uniq_pikel
D:6:      layout_basic, uniq_sigmund
D:7:      layout_layer_cave, nicolae_hexahallways
D:8:      layout_layer_cave, serial_shops, nicolae_shop_back_alley_shop
D:9:      minmay_chopped_fan, layout_basic, kennysheep_mini,
          minmay_misc_feat_tiny
D:10:     layout_cave_pools, nzn_overflow_gifts_of_might_and_magic,
          dpeg_oklobed_lair, lightli_corner_chamber, uniq_sonja, uniq_fannar
D:11:     layout_grid_maze
D:12:     layout_cave_pools, erik_orc_4, serial_shops, shop, shop,
          gammafunk_ghost_grave, minivault_13, uniq_lodul, uniq_josephine
Temple:   hellmonk_temple_divided_pantheon

Skill      XL: |  1  2  3  4  5  6  7  8  9 10 11 12 |
---------------+-------------------------------------+-----
Armour         | 4 5 6 7 9 10 11 | 11.0
Fighting       | 4 5 6 7 8 9 10 | 10.7
Axes           | 3 4 6 8 10 11 12 14 15 | 15.2
Shields        | 4 5 6 7 8 9 10 | 10.4
Throwing       | 1 2 4 5 |  5.0
Invocations    | 1 4 5 7 8 |  8.0
Dodging        | |  0.8

Action                     |  1- 3 |  4- 6 |  7- 9 | 10-12 || total
---------------------------+-------+-------+-------+-------++-------
  Melee: War axe           |    75 |    82 |   205 |   259 ||   621
         Headbutt          |     7 |    11 |    20 |    33 ||    71
  Throw: Dart              |     6 |     5 |     1 |       ||    12
         Boomerang         |       |       |     8 |    27 ||    35
 Invoke: Heroism           |       |       |     1 |     4 ||     5
         Finesse           |       |       |       |     3 ||     3
  Evoke: Wand              |       |       |     8 |    25 ||    33
    Use: Scroll            |     3 |     5 |     4 |    13 ||    25
         Potion            |       |     1 |       |    10 ||    11
 Armour: Scale mail        |    31 |     1 |       |       ||    32
         Plate armour      |       |    63 |   136 |   239 ||   438
  Dodge: Dodged            |    40 |    26 |    67 |   103 ||   236
  Block: Buckler           |    15 |    33 |    70 |   109 ||   227
